 Dungeon Crawl Stone Soup version 0.25-a0-1133-g93ebf739aa (webtiles) character file.

Game seed: 16352674623479440536, levelgen mode: deterministic

27 vurker the Charlatan (level 3, -11/26 HPs)
             Began as a Human Artificer on May 20, 2020.
             Killed themself with a badly aimed iceblast (17 damage)
             ... on level 2 of the Dungeon.
             The game lasted 00:00:57 (1117 turns).

vurker the Charlatan (Human Artificer)              Turns: 1117, Time: 00:00:57

Health: -11/26     AC:  3    Str: 13    XL:     3   Next: 25%
Magic:  5/5        EV: 12    Int: 11    God:
Gold:   112        SH:  0    Dex: 13    Spells: 2/2 levels left

rFire    . . .     SeeInvis .   a - +0 short sword
rCold    . . .     Gourm    .   (no shield)
rNeg     . . .     Faith    .   b - +0 leather armour
rPois    .         Spirit   .   (no helmet)
rElec    .         Reflect  .   (no cloak)
rCorr    .         Harm     .   (no gloves)
MR       .....                  (no boots)
Stlth    +.........             (no amulet)
HPRegen  0.08/turn              (no ring)
MPRegen  0.09/turn              (no ring)

@: lethally poisoned (-11 -> -20)
A: no striking features
a: no special abilities


You were on level 2 of the Dungeon.
You were not hungry.

You visited 1 branch of the dungeon, and saw 2 of its levels.

You collected 112 gold pieces.

Inventory:

Hand Weapons
 a - a +0 short sword (weapon)
Armour
 b - a +0 leather armour (worn)
Wands
 d - a wand of enslavement (15)
 f - a wand of random effects (15)
 t - a wand of flame (15)
Scrolls
 c - a scroll of fear {unknown}
 i - a scroll of amnesia {unknown}
 j - a scroll of blinking {unknown}
 m - a scroll of immolation {unknown}
Potions
 g - a potion of brilliance {unknown}
 h - a potion of haste {unknown}
 k - a potion of ambrosia {unknown}
 l - a potion of curing {unknown}
Comestibles
 e - 2 rations


   Skills:
 + Level 1.5 Fighting
 - Level 1.0 Short Blades
 + Level 1.0 Armour
 * Level 2.6 Dodging
 - Level 1.0 Stealth
 + Level 3.2 Evocations


You had 2 spell levels left.
You didn't know any spells.
Your spell library was empty.

Dungeon Overview and Level Annotations

Branches:
Dungeon (2/15)

Altars:


Message History

No target in view!
k - a fuming orange potion
Found 8 gold pieces.
You now have 112 gold pieces (gained 8).
Found 26 stones.
Found a dagger.
You see here a dagger.
As you open the door, it creaks loudly!
A bat and an adder come into view.
The adder hisses angrily.
The bat hits you but does no damage.
Found 17 gold pieces.
The bat barely misses you.
Found a scroll labeled JODONWI DAEQ and a fuming silvery potion.
There is an open door here.
You miss the bat. The bat misses you. The bat barely misses you.
The adder closely misses you. The adder barely misses you.
Found 4 gold pieces.
You closely miss the adder. The bat closely misses you. The adder bites you.
You are poisoned.
The adder poisons you! The bat hits you.
You miss the adder.
You feel sick. The bat closely misses you. The adder misses you.
You hit the adder. The bat barely misses you. The adder barely misses you.
The adder closely misses you.
You hit the adder.
You feel sick. The bat closely misses you. The bat hits you.
The adder bites you.
You hit the adder. The bat closely misses you. The adder bites you.
* * * LOW HITPOINT WARNING * * *
The bat misses you. The adder closely misses you.
There is an open door here.
You feel sick.
You closely miss the adder. The adder closely misses you.
Your leather armour prevents you from hitting the adder.
The adder closely misses you. The adder bites you.
* * * LOW HITPOINT WARNING * * *
You are lethally poisoned!
The adder poisons you!
Aim: an adder (heavily wounded)
The mass of ice explodes!
The iceblast engulfs the adder!!
You kill the adder!
Your Armour skill increases to level 1!
You have reached level 3!
Your experience leads to an increase in your attributes!
Increase (S)trength, (I)ntelligence, or (D)exterity?
You feel stronger. The iceblast engulfs you!
Ouch! That really hurt!
You die...

### ######### #. #..
#........ #.# #.#
#........ #.# #.#
#........ #.# #.#
#......≈ #.# #.#
#....# # #(#
#.###....#.!.
#.##.####.#.†b..≈..≈$
#..........@#....#.?.
####.#......#....#
#.#......#..$...≈
#.##)....#........
#.##.....#........
#.####.###........
#.# #.# ######### #.#
#.# #####.# #.#


You could see a bat.

Vanquished Creatures
  An adder (D:2)
  2 ball pythons (D:1)
  3 bats (D:1)
  3 giant cockroaches (D:1)
  2 goblins (D:1)
  3 hobgoblins (D:1)
  2 frilled lizards (D:1)
16 creatures vanquished.

Notes
Turn   | Place    | Note
-------+----------+-------------------------------------------
     0 | D:1      | vurker the Human Artificer began the quest for the Orb.
     0 | D:1      | Reached XP level 1. HP: 15/15 MP: 3/3
   351 | D:1      | Reached XP level 2. HP: 21/21 MP: 4/4
  1117 | D:2      | Reached skill level 1 in Armour
  1117 | D:2      | Reached XP level 3. HP: 6/26 MP: 5/5
  1117 | D:2      | Killed themself with a badly aimed iceblast

Illustrated notes

Levels and vault maps discovered:
D:1:      heliophobic_arrival_battle_scene, layout_basic
D:2:      layout_loops_ring, lemuel_zombie_altar_kikubaaqudgha, zin_angel,
          kennysheep_generic_room_2

Skill      XL: |  1  2 |
---------------+-------+-----
Armour         | 1 |  1.0
Fighting       | |  1.5
Short Blades   | |  1.0
Dodging        | |  2.6
Stealth        | |  1.0
Evocations     | |  3.2

Action                   || total
-------------------------++-------
Melee: Short sword       ||    81
 Stab: Sleeping          ||     1
  Eat: Chunk             ||     1
Armor: Leather armour    ||    25
Dodge: Dodged            ||    63

Table legend:
 A = Non-vault XP
 B = Vault XP
 C = Vault XP percentage of total XP
 D = Non-vault monster count
 E = Vault monster count
 F = Vault count percentage of total count
                 A         B        C        D         E       F
            +---------+---------+-------+---------+---------+-------
      Total |      25 |      14 |  35.9 |      15 |       1 |   6.2
            +---------+---------+-------+---------+---------+-------
        D:1 |      25 |       0 |   0.0 |      15 |       0 |   0.0
        D:2 |       0 |      14 | 100.0 |       0 |       1 | 100.0
            +---------+---------+-------+---------+---------+-------
